Map: Lightshade LE

Players

黑羽快斗 (ButAlways)

  • Race: Protoss Protoss
  • League: Master

Rex - Winner!

  • Race: Zerg Zerg
  • League: Grandmaster

Event: DreamHack SC2 Masters 2021 Summer

VOD

Have the link to the VOD?

Description

Time

  • Played on: May 22, 2021, 7:29 a.m.
  • Length: 13:50

All games in this series

Show
View Real Time Build Order
Export as new Build Order

黑羽快斗 Protoss 

Build Orders: 1 Gate Expand, Zealot Archon 

Get SALT Encoding   

  12  0:00  Probe  
  13  0:12  Probe  
  14  0:20  Pylon  
  14  0:24  Probe  
  15  0:38  Probe (Chrono Boost), Gateway  
  16  0:48  Probe (Chrono Boost)  
  16  0:49  Assimilator  
  17  0:52  Probe (Chrono Boost)  
  18  1:04  Probe  
  19  1:16  Probe  
  20  1:24  Nexus  
  20  1:35  Cybernetics Core  
  20  1:37  Probe  
  21  1:44  Assimilator  
  21  1:49  Probe  
  22  1:54  Pylon  
  23  2:01  Probe (Chrono Boost)  
  23  2:10  Adept (Chrono Boost)  
  23  2:14  Probe (Chrono Boost)  
  26  2:18  Stargate  
  26  2:19  Probe (Chrono Boost)  
  27  2:29  Probe  
  28  2:32  Adept  
  28  2:34  Warp Gate  
  28  2:36  Probe (Chrono Boost)  
  32  2:47  Probe (Chrono Boost)  
  32  2:48  Probe (Chrono Boost)  
  33  2:53  Probe (Chrono Boost)  
  33  2:54  Probe (Chrono Boost)  
  33  2:56  Void Ray (Chrono Boost)  
  35  3:03  Probe  
  35  3:05  Probe  
  41  3:15  Probe  
  41  3:17  Probe  
  41  3:18  Pylon  
  43  3:20  Gateway  
  43  3:27  Probe  
  43  3:29  Probe  
  43  3:30  Void Ray  
  45  3:39  Probe  
  50  3:41  Probe  
  51  3:50  Nexus  
  51  3:52  Probe  
  52  3:56  Probe, Pylon  
  52  4:02  Pylon  
  53  4:05  Probe  
  54  4:11  Twilight Council  
  54  4:14  Probe  
  54  4:17  Probe, Forge  
  56  4:22  Assimilator  
  56  4:24  Assimilator  
  56  4:26  Probe  
  56  4:28  Adept  
  56  4:29  Probe (Chrono Boost)  
  60  4:36  Adept  
  63  4:41  Probe (Chrono Boost)  
  63  4:44  Probe (Chrono Boost), Blink (Chrono Boost), Robotics Facility  
  64  4:49  Probe (Chrono Boost)  
  64  4:52  Probe (Chrono Boost)  
  66  4:55  Probe, Pylon  
  66  4:57  Protoss Ground Weapons Level 1 (Chrono Boost)  
  67  5:02  Probe  
  68  5:07  Probe  
  68  5:10  Probe  
  70  5:15  Gateway x2  
  70  5:16  Gateway  
  70  5:19  Sentry  
  70  5:20  Shield Battery  
  72  5:24  Sentry  
  72  5:26  Gateway  
  72  5:28  Gateway  
  72  5:31  Observer  
  71  5:36  Photon Cannon  
  71  5:41  Photon Cannon  
  71  5:44  Assimilator  
  71  5:47  Probe  
  71  5:49  Probe  
  73  5:51  Probe, Sentry  
  73  5:54  Warp Prism (Chrono Boost), Assimilator  
  75  6:00  Probe  
  75  6:01  Probe  
  79  6:09  Gateway  
  79  6:11  Gateway x2  
  79  6:15  Templar Archives  
  79  6:18  Gateway  
  79  6:28  Stalker x4  
  79  6:32  Pylon x2  
  87  6:40  Probe x2  
  87  6:41  Probe  
  87  6:42  Charge  
  90  6:50  Pylon  
  90  6:52  Probe  
  90  6:53  Photon Cannon  
  91  6:57  Pylon  
  91  6:59  High Templar x2  
  91  7:00  Stalker x3  
  101  7:04  Archon  
  101  7:08  Pylon  
  101  7:09  Protoss Ground Weapons Level 2 (Chrono Boost), Pylon  
  101  7:20  Stalker x2  
  101  7:21  Stalker  
  101  7:22  Pylon  
  107  7:28  Stalker x2  
  111  7:37  Stalker x3  
  111  7:40  Stalker  
  111  7:49  Stalker x3  
  99  8:05  Observer, Robotics Bay  
  93  8:11  Stalker x4  
  101  8:13  Shield Battery  
  101  8:22  Sentry  
  101  8:23  Sentry  
  105  8:29  Zealot x3  
  105  8:30  Nexus  
  110  8:34  Zealot x3  
  104  8:51  Stalker x4  
  104  8:53  Colossus (Chrono Boost)  
  110  9:00  Extended Thermal Lance  
  112  9:21  Nexus  
  112  9:25  Stalker  
  112  9:26  Stalker x2  
  112  9:28  Sentry x2  
  112  9:30  Protoss Ground Weapons Level 3 (Chrono Boost)  
  122  9:35  Colossus (Chrono Boost)  
  128  9:48  Zealot x5  
  128  9:49  Zealot  
  128  9:51  Pylon  
  138  10:06  Zealot  
  138  10:07  Zealot  
  140  10:12  High Templar x2  
  140  10:13  Stalker x4  
  146  10:16  Stalker  
  146  10:17  Stalker  
  137  10:21  Archon  
  137  10:25  Probe x3  
  133  10:36  Sentry x2  
  135  10:43  Warp Prism (Chrono Boost)  
  135  10:48  Stalker x3  
  143  10:53  Probe  
  143  10:54  Probe x3  
  139  11:06  Probe x2  
  139  11:07  Probe  
  142  11:18  Probe  
  144  11:22  Probe  
  144  11:24  Colossus (Chrono Boost)  
  144  11:25  Probe  
  146  11:36  Sentry x3  
  145  11:45  Probe x2  
  147  11:47  Sentry  
  147  11:53  Pylon  
  149  11:55  Pylon  
  149  11:57  Pylon  
  149  11:59  Pylon  
  149  12:14  Stalker x4  
  157  12:19  Sentry x4  
  165  12:32  Nexus  
  165  12:50  Pylon  
  165  12:52  Pylon x3  
  127  13:08  Observer  
  127  13:09  Stalker x3  
  127  13:10  Stalker  
Show
View Real Time Build Order
Export as new Build Order

Rex Zerg - Winner!

Build Orders: Hatch First, Lurkers 

Get SALT Encoding   

  12  0:00  Drone  
  13  0:12  Overlord  
  13  0:17  Drone  
  14  0:30  Drone x2  
  16  0:47  Hatchery  
  15  0:50  Drone  
  15  0:56  Drone  
  17  0:58  Drone  
  18  1:09  Extractor  
  17  1:14  Spawning Pool  
  17  1:16  Drone  
  17  1:20  Drone  
  18  1:27  Drone  
  19  1:39  Drone  
  20  1:50  Hatchery  
  20  1:53  Drone  
  20  2:01  Queen  
  22  2:04  Zergling x2  
  23  2:13  Queen  
  25  2:17  Drone  
  26  2:22  Overlord  
  26  2:28  Drone x2  
  28  2:40  Metabolic Boost  
  28  2:43  Zergling x2  
  29  2:44  Queen  
  29  2:47  Drone  
  29  2:49  Drone  
  33  2:52  Drone  
  33  2:54  Drone  
  33  2:56  Drone  
  36  3:03  Queen  
  38  3:09  Overlord  
  38  3:14  Drone x3  
  38  3:16  Drone  
  42  3:33  Drone x5  
  47  3:35  Spore Crawler  
  47  3:36  Spore Crawler  
  47  3:37  Overlord  
  45  3:43  Overlord  
  45  3:44  Overlord  
  45  3:53  Evolution Chamber  
  44  3:56  Drone x2  
  44  3:57  Drone  
  44  3:58  Queen  
  49  4:03  Drone  
  49  4:04  Drone x3  
  49  4:05  Drone  
  54  4:11  Drone x4  
  58  4:18  Drone  
  58  4:19  Drone  
  58  4:24  Zerg Melee Weapons Level 1  
  59  4:28  Drone x3  
  59  4:31  Extractor, Drone x3  
  64  4:34  Baneling Nest  
  64  4:36  Queen  
  64  4:39  Drone  
  64  4:40  Overlord  
  65  4:47  Overlord  
  65  4:59  Zergling x2  
  65  5:04  Zergling x6  
  65  5:05  Hatchery  
  65  5:07  Zergling x6  
  65  5:10  Drone x6  
  74  5:14  Drone x3  
  74  5:18  Drone x2  
  75  5:22  Drone  
  75  5:25  Drone  
  77  5:31  Drone  
  77  5:33  Drone  
  77  5:34  Lair  
  79  5:36  Drone x2  
  79  5:41  Extractor x2  
  78  5:43  Drone x4, Extractor  
  78  5:44  Extractor, Overlord x2  
  78  5:47  Overlord  
  79  5:52  Overlord  
  79  5:56  Overlord  
  79  5:59  Overlord  
  79  6:00  Drone  
  79  6:02  Queen x2  
  79  6:04  Drone x3  
  86  6:11  Zergling x12  
  91  6:24  Zergling x12  
  97  6:28  Zerg Missile Weapons Level 1  
  97  6:31  Zergling x4  
  97  6:32  Queen x2  
  99  6:36  Hydralisk Den  
  99  6:38  Zergling x6  
  104  6:45  Overlord  
  104  6:47  Overlord x2  
  103  6:57  Overlord x2  
  103  7:06  Baneling x8  
  103  7:07  Hydralisk x9  
  121  7:16  Hydralisk x4  
  121  7:21  Hydralisk  
  121  7:22  Hydralisk x2  
  135  7:25  Grooved Spines  
  135  7:35  Hydralisk x4, Zergling x2  
  135  7:36  Zergling x2  
  142  7:41  Hydralisk x2  
  143  7:53  Zergling x24  
  143  7:56  Zergling x4  
  144  8:05  Hydralisk  
  139  8:06  Zergling x12  
  147  8:17  Zergling x8  
  149  8:22  Zergling x2  
  150  8:28  Zergling x6  
  147  8:34  Centrifical Hooks, Zerg Melee Weapons Level 2  
  147  8:36  Muscular Augments  
  147  8:38  Zergling x6  
  149  8:47  Zergling x2  
  149  8:48  Zergling x16  
  155  8:52  Zergling x2  
  155  8:53  Zergling x4  
  152  9:07  Hydralisk x2  
  152  9:08  Zergling x8  
  158  9:16  Baneling x8  
  158  9:17  Zergling x16  
  164  9:20  Zergling x6  
  164  9:21  Baneling x7  
  168  9:32  Infestation Pit  
  168  9:34  Hatchery  
  164  9:39  Zergling x10  
  168  9:48  Drone x6  
  168  9:49  Drone x3  
  169  9:59  Zergling x14  
  172  10:10  Hydralisk x3  
  172  10:11  Zergling x2  
  172  10:13  Overlord x2  
  171  10:25  Baneling x24  
  171  10:27  Zergling x4  
  170  10:35  Overseer  
  169  10:46  Zergling x2  
  169  10:47  Zergling x30  
  183  10:53  Hive  
  181  10:57  Zergling x4  
  181  11:05  Drone x3  
  181  11:10  Lurker Den, Zerg Missile Weapons Level 2  
  183  11:13  Zergling x2  
  183  11:14  Baneling x2, Zergling x12  
  183  11:15  Baneling  
  183  11:17  Hatchery  
  189  11:18  Baneling x6  
  189  11:19  Baneling  
  189  11:25  Zergling x12  
  193  11:29  Zergling x6  
  193  11:30  Zergling x2  
  182  11:35  Zergling x2  
  182  11:36  Zergling x8  
  179  11:44  Baneling x7  
  178  11:50  Zergling x2  
  178  11:51  Zergling x8  
  179  11:56  Zergling x16  
  184  12:06  Baneling x10  
  183  12:11  Baneling, Zergling x14  
  183  12:12  Baneling x3  
  183  12:13  Baneling x7  
  188  12:21  Viper x3  
  177  12:26  Seismic Spines  
  177  12:28  Lurker x3  
  177  12:29  Lurker x2  
  178  12:30  Overlord  
  178  12:34  Drone x2, Extractor x2  
  178  12:36  Spore Crawler  
  177  12:39  Zergling x6  
  177  12:40  Zergling x6  
  183  12:57  Zergling x4  
  183  12:58  Zergling x20  
  177  13:09  Zergling x24  
  185  13:18  Hydralisk x5  
  185  13:19  Zergling x2  
Tags
 
Add a new tag
Caveats
  • Supply blocks, unpowered buildings, or Contaminate may cause inaccurate times.
  • Supply counts are checked every 10 seconds.